 Dungeon Crawl Stone Soup version 0.30.1-11-g7821555f0a (webtiles) character file.

Game seed: 7021699253160180543

67 Okkudo the Chopper (level 4, -4/41 HPs)
             Began as a Hill Orc Monk on Nov 28, 2023.
             Killed from afar by Ijyb (16 damage)
             ... with a bolt of dispelling energy
             ... on level 3 of the Dungeon.
             The game lasted 00:05:07 (1771 turns).

Okkudo the Chopper (Hill Orc Monk)                  Turns: 1771, Time: 00:05:08

Health: -4/41      AC:  6    Str: 15    XL:     4   Next: 18%
Magic:  4/4        EV: 10    Int: 10    God:
Gold:   175        SH:  0    Dex: 13    Spells: 3/3 levels left

rFire   . . .        a - +0 hand axe
rCold   . . .        d - orb {light}
rNeg    . . .        j - +0 scale mail
rPois   .            (no helmet)
rElec   .            (no cloak)
rCorr   .            (no gloves)
SInv    .            (no boots)
Will    .....        (no amulet) Stlth
                     (no ring)
HPRegen 0.26/turn    (no ring)
MPRegen 0.09/turn

%: no passive effects
@: confused, ambrosia-drunk, glowing
A: no striking features
a: no special abilities


You were on level 3 of the Dungeon.
You visited 1 branch of the dungeon, and saw 3 of its levels.

You collected 175 gold pieces.

Inventory:

Hand Weapons
 a - a +0 hand axe (weapon)
Missiles
 o - 13 poisoned darts (quivered)
Armour
 d - an orb of light (worn)
 j - a +0 scale mail (worn)
Scrolls
 e - a scroll of enchant armour {unknown}
 f - a scroll of immolation {unknown}
 g - a scroll of vulnerability {unknown}
 h - a scroll of identify {unknown}
 k - a scroll of magic mapping {unknown}
 l - a scroll of amnesia {unknown}
 n - 3 scrolls of teleportation {unknown}
 r - a scroll of blinking {unknown}
Potions
 b - 2 potions of lignification {unknown}
 c - a potion of ambrosia
 i - 2 potions of flight {unknown}
 m - a potion of haste {unknown}
 p - 2 potions of mutation {unknown}
 q - a potion of brilliance {unknown}


   Skills:
 + Level 4.5 Fighting
 + Level 5.0 Axes
 + Level 3.0 Dodging


You had 3 spell levels left.
You didn't know any spells.
Your spell library was empty.

Dungeon Overview and Level Annotations

Branches:
Dungeon (3/15)

Altars:

Annotations:
D:3 Ijyb


Message History

Ijyb attacks as you move away! Ijyb closely misses you.
You barely miss Ijyb.
Ijyb is heavily wounded.
Ijyb zaps a wand.
The bolt of dispelling energy misses you.
You hit Ijyb but do no damage.
Ijyb is heavily wounded.
Ijyb hits you but does no damage.
You hit Ijyb but do no damage.
Ijyb is heavily wounded.
Ijyb hits you with a +0 club.
You hit Ijyb but do no damage.
Ijyb is heavily wounded.
Ijyb completely misses you.
You barely miss Ijyb.
Ijyb is heavily wounded.
Ijyb hits you but does no damage.
You hit Ijyb.
Ijyb is severely wounded.
Ijyb hits you with a +0 club.
You hit Ijyb.
Ijyb is severely wounded.
Ijyb hits you with a +0 club.
* * * LOW HITPOINT WARNING * * *
You hit Ijyb but do no damage.
Ijyb is severely wounded.
Ijyb hits you but does no damage. Ijyb attacks as you move away!
Ijyb closely misses you. Ijyb attacks as you move away!
Ijyb hits you but does no damage.
Ijyb zaps a wand.
The bolt of dispelling energy hits you!
* * * LOW HITPOINT WARNING * * *
Okay, then.
You are confused.
You feel invigorated.
You bump into the rock wall.
Ijyb hits you with a +0 club.
* * * LOW HITPOINT WARNING * * *
Ijyb screams, "Get away!"
Ijyb zaps a wand.
The bolt of dispelling energy hits you!
Your magical effects are unravelling.
You die...

#. #.#
#.#######
#.#
#.......#
#.#
#######.#
#.# #.#
#.# #.#
#.# #S#
#.#
#g####.#
#@.....#
########


You could see Ijyb and an adder.

Vanquished Creatures
  An adder (D:3)
  3 worms
  3 dart slugs
  2 orcs (D:3)
  2 endoplasms
  3 goblins
  2 hobgoblins (D:1)
  10 jackals
  4 ball pythons (D:1)
  3 bats (D:1)
  2 frilled lizards
  2 kobolds
  3 rats
40 creatures vanquished.

Notes
Turn   | Place    | Note
-------+----------+-------------------------------------------
     0 | D:1      | Okkudo the Hill Orc Monk began the quest for the Orb.
     0 | D:1      | Reached XP level 1. HP: 19/19 MP: 1/1
    42 | D:1      | Found a faded altar of an unknown god.
   141 | D:1      | Reached XP level 2. HP: 27/27 MP: 2/2
   631 | D:1      | Reached XP level 3. HP: 33/33 MP: 3/3
  1550 | D:3      | Reached XP level 4. HP: 26/41 MP: 4/4
  1643 | D:3      | Reached skill level 5 in Axes
  1742 | D:3      | Noticed Ijyb
  1765 | D:3      | HP: 1/41 [Ijyb/bolt of dispelling energy (11)]
  1771 | D:3      | Killed from afar by Ijyb

Illustrated notes

Levels and vault maps discovered:
D:1:      noname_arrival_rooms_in_the_neighbourhood, layout_loops_ring,
          chequers_ecumenical_altar_island
D:2:      layout_basic, minmay_tetromino_l2
D:3:      layout_basic, uniq_ijyb

Skill      XL: |  1  2  3  4 |
---------------+-------------+-----
Fighting       | 4 |  4.5
Dodging        | 3 |  3.0
Axes           | 5 |  5.0

Action                     |  1- 3 |  4- 6 || total
---------------------------+-------+-------++-------
  Melee: Hand axe          |   119 |    32 ||   151
    Use: Potion            |       |     1 ||     1
 Armour: Robe              |     2 |       ||     2
         Scale mail        |    50 |     7 ||    57
  Dodge: Dodged            |    55 |     9 ||    64
